 Dungeon Crawl Stone Soup version 0.26.1-11-gd32895ea62 (webtiles) character file.

Game seed: 13827735531183805437

35 kagor the Vexing (level 3, -5/28 HPs)
             Began as a Hill Orc Arcane Marksman on May 5, 2021.
             Slain by a gnoll (6 damage)
             ... on level 2 of the Dungeon.
             The game lasted 00:08:52 (1305 turns).

kagor the Vexing (Hill Orc Arcane Marksman)         Turns: 1305, Time: 00:08:53

Health: -5/28      AC:  4    Str: 12 (13) XL:     3   Next: 35%
Magic:  4/4        EV: 11    Int: 11 (13) God:
Gold:   46         SH:  0    Dex:  8 (11) Spells: 3/4 levels left

rFire    . . .     SeeInvis .   f - +0 hand axe
rCold    . . .     Faith    .   (no shield)
rNeg     . . .     Spirit   .   i - +0 leather armour (curse)
rPois    .         Reflect  .   (no helmet)
rElec    .         Harm     .   (no cloak)
rCorr    .         Rampage  .   e - +0 pair of gloves
Will     .....                  (no boots)
Stlth    +.........             (no amulet)
HPRegen  0.09/turn              (no ring)
MPRegen  0.09/turn              (no ring)

@: no status effects
A: no striking features
a: no special abilities


You were on level 2 of the Dungeon.
You visited 1 branch of the dungeon, and saw 2 of its levels.

You collected 46 gold pieces.

Inventory:

Hand Weapons
 b - a +0 dagger
 f - a +0 hand axe (weapon)
Missiles
 c - 11 javelins (quivered)
 d - 2 throwing nets
 g - 16 poisoned darts
 h - 30 bolts
Armour
 a - a +0 robe
 e - a +0 pair of gloves (worn)
 i - a cursed +0 leather armour (worn)


   Skills:
 + Level 1.3 Fighting
 + Level 0.2 Short Blades
 + Level 0.4 Axes
 + Level 2.2 Throwing
 + Level 1.7 Dodging
 + Level 1.0 Spellcasting
 + Level 3.8 Hexes


You had 3 spell levels left.
You knew the following spells:

 Your Spells              Type           Power        Failure   Level
a - Corona                Hex            10%          9%          1

Your spell library contained the following spells:

 Spells                   Type           Power        Failure   Level
 Slow                     Hex            9%           13%         2
 Inner Flame              Hex/Fire       4%           50%         3
 Portal Projectile        Hex/Tloc       8%           50%         3
 Cause Fear               Hex            4%           63%         4
 Leda's Liquefaction      Hex/Erth       2%           88%         4


Dungeon Overview and Level Annotations

Branches:
Dungeon (2/15)

Altars:


Message History

The gnoll hits you with a +0 club. The quokka bites you.
You hit the gnoll.
The gnoll is almost dead.
You closely miss the quokka. The gnoll hits you with a +0 club.
* * * LOW HITPOINT WARNING * * *
The quokka bites you but does no damage.
You slash the gnoll!
You kill the gnoll!
You hit the quokka. The quokka barely misses you. The quokka bites you.
* * * LOW HITPOINT WARNING * * *
You hit the quokka but do no damage.
The quokka is severely wounded.
You barely miss the gnoll. The gnoll closely misses you. The quokka bites you.
* * * LOW HITPOINT WARNING * * *
The gnoll hits you.
* * * LOW HITPOINT WARNING * * *
You hit the quokka.
The quokka is almost dead.
You hit the gnoll. The quokka barely misses you. The gnoll hits you.
You die...

#.#####.#....
#.# #.##.### #.#
#.# . #.# #.#
##.# .... ##.#.#
.....
##.###.###h.....
#.## ##.@ggl(#
#..###.r###h....
#.#.#.#.### #.#
#.##......#
#.###.###.# #.#
#.# .# #.# #.# .
#.. ... . ## ##.
##


You could see 2 gnolls, a quokka, 2 jackals and a frilled lizard.

Vanquished Creatures
  A gnoll (D:2)
  A leopard gecko (D:1)
  2 goblins (D:1)
  2 hobgoblins
  4 jackals (D:1)
  2 bats (D:2)
  3 frilled lizards
  5 kobolds (D:1)
  5 rats
  A bush (D:1)
26 creatures vanquished.

Vanquished Creatures (others)
  3 plants (D:1)
3 creatures vanquished.

Grand Total: 29 creatures vanquished

Notes
Turn   | Place    | Note
-------+----------+-------------------------------------------
     0 | D:1      | kagor the Hill Orc Arcane Marksman began the quest for the
                  | Orb.
     0 | D:1      | Reached XP level 1. HP: 16/16 MP: 2/2
   231 | D:1      | Reached XP level 2. HP: 23/23 MP: 3/3
  1231 | D:2      | Reached XP level 3. HP: 28/28 MP: 4/4
  1304 | D:2      | HP: 1/28 [gnoll (1)]
  1305 | D:2      | Slain by a gnoll

Illustrated notes

Levels and vault maps discovered:
D:1:      arrival_zaba_pyramid, layout_basic, serial_forest,
          infiniplex_forest_zigzag_1, infiniplex_forest_straight_4,
          infiniplex_forest_lined_3, infiniplex_forest_clump_cross,
          infiniplex_forest_zigzag_2, infiniplex_forest_straight_2,
          infiniplex_forest_straight_2, hangedman_decor_slide_cut,
          minmay_stone_trees_small
D:2:      layout_loops_ring, nicolae_dithmenos_shadow_blocks

Skill      XL: |  1 |
---------------+----+-----
Throwing       | 2 |  2.2
Fighting       | |  1.3
Short Blades   | |  0.2
Axes           | |  0.4
Dodging        | |  1.7
Spellcasting   | |  1.0
Hexes          | |  3.8

Action                   || total
-------------------------++-------
Melee: Unarmed           ||     6
       Hand axe          ||   201
       Dagger            ||    30
Throw: Javelin           ||    16
  Use: Scroll            ||     2
       Potion            ||     1
Armor: Robe              ||    18
       Leather armour    ||     2
Dodge: Dodged            ||    58
